[Event "*** Titled Tuesday Blitz"]
[Site "Chess.com"]
[Date "2021.03.09"]
[Round "9"]
[White "Andrii_Prydun"]
[Black "NovikovaGalina"]
[Result "0-1"]
[WhiteElo "2278"]
[BlackElo "2398"]
[TimeControl "180+1"]
[EndTime "11:48:45 PST"]
[Termination "NovikovaGalina won on time"]

1. d4 d5 2. Nc3 e6 3. e4 Bb4 4. exd5 exd5 5. Bd3 Nf6 6. Ne2 Bg4 7. f3 Bh5 8. Bg5 c6 9. a3 Bd6 10. Qd2 b5 11. Nf4 Bg6 12. Nxg6 hxg6 13. g3 Bxg3+ 14. Kf1 Bd6 15. Kg2 O-O 16. h4 Nbd7 17. h5 gxh5 18. Rxh5 Nxh5 19. Bxd8 Raxd8 20. Rh1 Ndf6 21. Ne2 Rfe8 22.
Qg5 g6 23. c3 Kg7 24. Kf2 Re7 25. Rg1 Rde8 26. Kf1 a6 27. Rg2 c5 28. b4 c4 29. Bc2 Re3 30. Bd1 Rd3 31. Bc2 Rde3 32. Bd1 Rxf3+ 33. Kg1 Rfe3 34. Rf2 R8e4 35. Rg2 Nf4 36.
Rg4 Nxe2+ 37. Bxe2 Rxe2 38. Rxe4 Rxe4 39. Qd2 Bf4 40.
Qg2 Be3+ 41. Kf1 Rf4+ 42. Ke1 Bf2+ 43. Kd2 Ne4+ 44. Kc2 Bxd4 45. Qg4 Rf2+ 46. Kc1 Bxc3 47. a4 bxa4 48. b5 axb5 49. Qd7 Bd2+ 50. Kd1 Bb4 51. Qc8 a3 0-1

[Event "*** Titled Tuesday Blitz"]
[Site "Chess.com"]
[Date "2021.03.09"]
[Round "9"]
[White "elcandado"]
[Black "ChristopherYoo"]
[Result "0-1"]
[WhiteElo "2660"]
[BlackElo "2928"]
[TimeControl "180+1"]
[EndTime "11:48:46 PST"]
[Termination "ChristopherYoo won on time"]

1. d4 Nf6 2. Bf4 c5 3. c3 d6 4. dxc5 dxc5 5. Qxd8+ Kxd8 6. Na3 Nc6 7. O-O-O+ Bd7 8.
f3 e5 9. Bg5 Be7 10. e4 Ne8 11. Be3 b6 12. Ba6 Nd6 13. Ne2 Bc8 14. Bc4 Kc7 15.
Bd5 Ba6 16. Ng3 Rad8 17. Rd2 Na5 18. Rhd1 Nac4 19. Bxc4 Nxc4 20. Nxc4 Bxc4 21. Nf5 Rxd2 22. Rxd2 Bf6 23. b3 Be6 24. Nd6 Kc6 25. Nc4 h5 26. g3 g5 27. Kc2 g4 28. Rf2 Bg7 29. f4 Bxc4 30. bxc4 h4 31. fxe5 Bxe5 32. Bf4 hxg3 33. hxg3 Kd6 34. Rd2+ Ke6 35. Rd5 Bxf4 36. gxf4 Rg8 37.
Rd2 g3 38. Rg2 Rg4 39. Kd3 f5 40. Ke3 fxe4 41. Kxe4 Kf6 42. Kf3 Kf5 43. Rxg3 Rxf4+ 44. Ke3 Rxc4 45. Kd3 Ra4 46. Rg2 Ke5 47. Re2+ Kd5 48. Rd2 Ra3 49. Rc2 b5 50. Rd2 b4 51. Rc2 a5 52.
Kd2 bxc3+ 53. Kd3 c4+ 54. Ke3 Ra4 55. Kf3 Kd4 56. Ke2 Rb4 0-1

[Event "*** Titled Tuesday Blitz"]
[Site "Chess.com"]
[Date "2021.03.09"]
[Round "9"]
[White "LEGENYA1998"]
[Black "LileKoridze"]
[Result "0-1"]
[WhiteElo "2255"]
[BlackElo "2428"]
[TimeControl "180+1"]
[EndTime "11:48:46 PST"]
[Termination "LileKoridze won on time"]

1. d4 Nf6 2. Nf3 d5 3. Bg5 e6 4.
e3 c5 5. c3 Nc6 6. Bd3 h6 7.
Bf4 b6 8. Bb5 Bd7 9. O-O Be7 10.
h3 O-O 11. Nbd2 a6 12. Bd3 Bc8 13. Qe2 Bb7 14. Ne5 Rc8 15. a3 Nxe5 16. dxe5 Ne4 17. Nxe4 dxe4 18. Bxa6 Bxa6 19. Qxa6 Qc7 20. Qc4 Qc6 21. a4 Rfd8 22. Rfd1 Rd5 23. Qb5 Qc7 24. c4 Rxd1+ 25. Rxd1 Rd8 26. Qb3 Rxd1+ 27. Qxd1 Qc6 28. b3 Qc7 29. f3 Qc6 30. Kf2 Bh4+ 31. g3 Be7 32. g4 exf3 33. Qxf3 Qd7 34. Ke2 Qa7 35.
Qe4 Qa5 36. Qd3 Bh4 37. Qd2 Qa8 38. Kd3 Qh1 39. Kc2 Qxh3 40. a5 bxa5 41. Qxa5 Qg2+ 42. Qd2 Qxg4 43. e4 Qf3 44. Qe3 Qf1 45. Kc3 Bf2 46. Qc1 Be1+ 47. Kb2 Qe2+ 48. Ka3 Bb4+ 49. Ka4 Qa2+ 50.
Kb5 Qa5+ 51. Kc6 Qa6+ 52. Kd7 Qb7+ 53. Ke8 Qc8+ 54. Ke7 Qb7+ 55. Ke8 Qxe4 0-1

[Event "*** Titled Tuesday Blitz"]
[Site "Chess.com"]
[Date "2021.03.09"]
[Round "9"]
[White "Skat2704"]
[Black "nrvisakh"]
[Result "1-0"]
[WhiteElo "2619"]
[BlackElo "2761"]
[TimeControl "180+1"]
[EndTime "11:48:47 PST"]
[Termination "Skat2704 won on time"]

1. d4 f5 2. c4 Nf6 3. g3 e6 4. Bg2 Bb4+ 5. Bd2 Qe7 6. Nh3 O-O 7. O-O Nc6 8. e3 a5 9. Bc1 Qf7 10. c5 a4 11. a3 Ba5 12. Qxa4 b6 13. Qc2 bxc5 14.
dxc5 Ne4 15. Nd2 Bxd2 16. Bxd2 Ba6 17. Rfc1 Ne5 18. Nf4 g5 19. Bxe4 fxe4 20. Qxe4 Qf5 21. Qxf5 Rxf5 22. e4 Nf3+ 23. Kg2 Nxd2 24. exf5 gxf4 25.
fxe6 dxe6 26. Rc2 f3+ 27. Kg1 Nb3 28. Rd1 Be2 29. Rd7 c6 30. h4 Ra5 31. Rc3 Rb5 32.
a4 Rb4 33. a5 Nxa5 34. h5 Rxb2 35. Ra3 Rb5 36. h6 Rb7 37. Rd8+ Kf7 38. Rxa5 Rb1+ 39.
Kh2 Rf1 40. Ra7+ Kg6 41. Rg8+ Kxh6 42. Rh8 Rxf2+ 43. Kh3 Bd3 44. Rf8 Rf1 45. Kg4 Bf5+ 46. Kf4 f2 47. Rf6+ Bg6 48. g4 Rg1 49. g5+ Kh5 50.
Rxh7+ 1-0

[Event "*** Titled Tuesday Blitz"]
[Site "Chess.com"]
[Date "2021.03.09"]
[Round "9"]
[White "Funo09"]
[Black "Trankuilizer"]
[Result "1-0"]
[WhiteElo "2744"]
[BlackElo "2594"]
[TimeControl "180+1"]
[EndTime "11:48:47 PST"]
[Termination "Funo09 won on time"]

1. e4 e5 2. Nf3 Nc6 3. Bb5 a6 4. Ba4 Nf6 5. O-O Be7 6. Re1 b5 7. Bb3 d6 8. c3 O-O 9. d4 Bg4 10. Be3 exd4 11. cxd4 d5 12. e5 Ne4 13. Nc3 Nxc3 14. bxc3 Bh5 15. Bc2 Na5 16. Bf5 Nc4 17.
g4 Bg6 18. Qd3 a5 19. Kg2 b4 20. Kg3 bxc3 21. h4 Bb4 22. h5 Bxf5 23. Qxf5 Ra6 24.
Bg5 Qc8 25. Qd3 f6 26. exf6 gxf6 27. Bf4 Kh8 28. Nh4 Rg8 29. f3 Re6 30. a3 Bd6 31. Bxd6 Nxd6 32. Rh1 Ne4+ 33. Kg2 Re7 34. Rh3 Reg7 35.
Kh2 Qd7 36. Ng6+ Rxg6 37. hxg6 Ng5 38. gxh7 Rg7 39. Rh5 Qd6+ 40. Kg2 Qf4 41. Qxc3 Re7 42. Ra2 Nxh7 43. Rb2 Kg8 44. Rb8+ Kg7 45. Qd3 Ng5 46. Rbh8 Kf7 47. R5h7+ Nxh7 48. Qxh7+ Ke6 49. Qg8+ Kd6 50.
Qd8+ Rd7 51. Qf8+ Kc6 52. Qc5+ Kb7 53. Qb5+ Ka7 54. Qxa5+ 1-0

[Event "*** Titled Tuesday Blitz"]
[Site "Chess.com"]
[Date "2021.03.09"]
[Round "9"]
[White "AlexSuv"]
[Black "SHIVACalypso"]
[Result "1-0"]
[WhiteElo "2510"]
[BlackElo "2360"]
[TimeControl "180+1"]
[EndTime "11:48:47 PST"]
[Termination "AlexSuv won by resignation"]

1. d4 e6 2. Nf3 Nf6 3. g3 d5 4. Bg2 Be7 5. O-O O-O 6. c4 dxc4 7. Ne5 Nc6 8. Bxc6 bxc6 9. Nxc6 Qe8 10. Nxe7+ Qxe7 11.
Bg5 h6 12. Bf4 Nd5 13. Nc3 Nxf4 14. gxf4 Bb7 15. e3 g5 16. Qh5 Qf6 17. fxg5 hxg5 18. f4 Kg7 19. Qxg5+ Qxg5+ 20. fxg5 Rh8 21. Rf4 Rh3 22. Re1 Rah8 23. Rf2 R8h5 24. e4 Rxg5+ 25. Rg2 Rxg2+ 26. Kxg2 Rd3 27. Re2 Rxd4 28. Kf2 Kf6 29.
e5+ Ke7 30. Kg3 f5 31. exf6+ Kxf6 32. h4 Rd3+ 33. Kf4 Rf3+ 34. Kg4 Rd3 35. Rf2+ Kg6 36.
h5+ Kg7 37. Kg5 Rg3+ 38. Kh4 Rd3 39. Re2 Rd4+ 40. Kg5 Rd6 41. h6+ Kh7 42. Rf2 e5 43. Rf7+ Kg8 44. Rxc7 Bf3 45. Rxc4 Rd2 46. Ne4 Rg2+ 47.
Kf6 Bxe4 48. Rxe4 Rxb2 49. a4 Kh7 50. Rh4 Rb4 51. Rxb4 Kxh6 52. Kxe5 Kg5 53. Kd6 a5 1-0

[Event "*** Titled Tuesday Blitz"]
[Site "Chess.com"]
[Date "2021.03.09"]
[Round "9"]
[White "Pantata007"]
[Black "mary-sanna"]
[Result "0-1"]
[WhiteElo "2270"]
[BlackElo "2076"]
[TimeControl "180+1"]
[EndTime "11:48:47 PST"]
[Termination "mary-sanna won by resignation"]

1. d4 d5 2. c4 e6 3. Nc3 c5 4. cxd5 exd5 5. Nf3 Nc6 6. g3 Nf6 7. Bg2 cxd4 8. Nxd4 Bc5 9. Nb3 Bb6 10. O-O d4 11. Nb5 O-O 12. Bg5 h6 13. Bxf6 Qxf6 14. Bxc6 bxc6 15.
N5xd4 Rd8 16. e3 c5 17. Qf3 Ba6 18. Qxf6 gxf6 19. Nf5 Bxf1 20. Kxf1 Kh7 21. Rc1 Rd5 22. e4 Re5 23. f3 Rd8 24. Rc4 Rd1+ 25. Kg2 Rb1 26.
Rc2 c4 27. Nd2 Rd1 28. Nxc4 Rc5 29. b3 h5 30. Kh3 Rc7 31. Kh4 Kg6 32. Re2 Bg1 33.
h3 Rcd7 34. Nfe3 Bxe3 35. Rxe3 R7d3 36. Re2 Rxf3 37. e5 Rd4+ 38. g4 hxg4 39. hxg4 Rff4 40.
Rg2 f5 41. Ne3 fxg4 42. Nxg4 f6 43. Kh3 f5 44. Ne3+ Kf7 45. Nc4 Rd3+ 46. Rg3 Rd1 47. Re3 Rh1+ 48. Kg3 Rg4+ 49. Kf3 Rh3+ 50. Kf2 Rh2+ 51.
Kf3 Rgg2 52. Nd6+ Ke6 53. Nc4 Rf2+ 54. Kg3 f4+ 55. Kg4 fxe3 0-1

[Event "*** Titled Tuesday Blitz"]
[Site "Chess.com"]
[Date "2021.03.09"]
[Round "9"]
[White "Bodnar_Mykola"]
[Black "Ranindu2003"]
[Result "1-0"]
[WhiteElo "2511"]
[BlackElo "2603"]
[TimeControl "180+1"]
[EndTime "11:48:48 PST"]
[Termination "Bodnar_Mykola won by checkmate"]

1. d4 d5 2. Nc3 Nf6 3. Bf4 a6 4. e3 e6 5. g4 Bd6 6. Bxd6 Qxd6 7. g5 Ne4 8. Nxe4 dxe4 9. Qd2 b6 10. h4 Bb7 11. O-O-O O-O 12. Kb1 e5 13. dxe5 Qxe5 14. Nh3 Nc6 15. Bc4 Rad8 16. Qe2 b5 17. Bb3 a5 18.
Nf4 a4 19. Bd5 a3 20. Qxb5 Ba6 21. Bxf7+ Kxf7 22. Qxe5 Nxe5 23. b3 c5 24. c4 Nd3 25.
Nd5 Bb7 26. Nc3 Nxf2 27. Rdf1 Ke6 28. Rh2 Nd3 29. Rd1 Rf3 30. Re2 Rdf8 31. Nb5 Rf1 32. Rd2 R8f2 33. Nxa3 Rxd1+ 34. Rxd1 Re2 35. Nc2 Bc6 36. Rf1 Be8 37. a4 Rh2 38. a5 Bc6 39. a6 Ke7 40. a7 Rxh4 41. b4 cxb4 42. Nd4 Ba8 43. Nf5+ Ke6 44. Nxh4 Ne5 45. Rf8 b3 46.
Rxa8 Nxc4 47. Re8+ Kf7 48. a8=Q Nd2+ 49. Kb2 Nc4+ 50.
Kxb3 Nxe3 51. Qxe4 Nf5 52. Qe6# 1-0

[Event "*** Titled Tuesday Blitz"]
[Site "Chess.com"]
[Date "2021.03.09"]
[Round "9"]
[White "muchojogo"]
[Black "zeitnot2006"]
[Result "1-0"]
[WhiteElo "2395"]
[BlackElo "2493"]
[TimeControl "180+1"]
[EndTime "11:48:48 PST"]
[Termination "muchojogo won by resignation"]

1. d4 e6 2. Bf4 c5 3. e3 b6 4.
Nd2 Bb7 5. Ngf3 Ne7 6. c3 Ng6 7. Bg3 Nc6 8. Bd3 d6 9. h4 Be7 10. h5 Nf8 11. h6 g6 12. Qe2 f6 13. e4 e5 14. O-O g5 15. dxe5 dxe5 16. Rad1 Qc8 17.
Nc4 Ng6 18. Ne3 O-O 19. Bc4+ Kh8 20. Nf5 Qc7 21. Bd5 Rad8 22. Nh2 Rd7 23. Ng7 Nd8 24. c4 Bc8 25. Rd3 Nf4 26. Bxf4 exf4 27. Rfd1 Nc6 28. Ne6 Qb7 29. Nxf8 Bxf8 30. e5 f5 31. e6 Re7 32.
Nf3 Bxh6 33. Bxc6 Qxc6 34. Rd8+ Kg7 35. Qe5+ Kg6 36. R1d6 Qe4 37. Qxe4 fxe4 38. Ne5+ Kf5 39. Nf7 Bg7 40. Rxc8 g4 41. Rcd8 Bd4 42. R8d7 Rxe6 43.
Rxe6 Kxe6 44. Rxa7 g3 45. Kf1 Bxf2 46. Ng5+ Kf5 47.
Nxh7 Bd4 48. Rf7+ Ke5 49. Ng5 Bxb2 50. Rb7 Kd4 51. Rxb6 Bc1 52. Re6 e3 53. Nf3+ Kd3 54. Re5 Kxc4 55. Ke2 Kc3 56. Re4 c4 57. Rxf4 Ba3 58.
Ne5 Kb2 59. Nxc4+ Kb1 60. Nxa3+ Ka1 61. Kxe3 1-0

[Event "*** Titled Tuesday Blitz"]
[Site "Chess.com"]
[Date "2021.03.09"]
[Round "9"]
[White "Olga_Girya"]
[Black "NoGalloNoParty"]
[Result "0-1"]
[WhiteElo "2446"]
[BlackElo "2333"]
[TimeControl "180+1"]
[EndTime "11:48:49 PST"]
[Termination "NoGalloNoParty won on time"]

1. d4 Nf6 2. Nf3 g6 3. Bg5 Bg7 4. Nbd2 d5 5. Bxf6 exf6 6. e3 O-O 7. Be2 Re8 8. O-O c6 9. a4 Bf8 10. c3 Bd6 11. Ne1 f5 12. Nd3 Nd7 13. Nf3 Nf6 14.
Nfe5 Kg7 15. c4 dxc4 16. Nxc4 Bc7 17. a5 Be6 18. Nde5 c5 19. dxc5 Bd5 20. Nf3 Ne4 21. Qd4+ Kg8 22. Rfd1 Bc6 23. Nd6 Re7 24. Bc4 Rd7 25.
Ne5 Nxd6 26. cxd6 Rxd6 27. Bxf7+ Kf8 28. Nxc6 Rxd4 29. Nxd8 Rxd1+ 30. Rxd1 Rxd8 31. Bd5 Bxa5 32. Kf1 Bb4 33. Ke2 b6 34. f3 a5 35. e4 fxe4 36.
fxe4 Ke7 37. Rc1 Bc5 38. Rf1 Rf8 39. Rf3 Bd6 40. Rh3 h5 41. Rh4 Bc5 42. h3 Rf2+ 43. Kd3 Rxg2 44. Rf4 Rxb2 45. Rf7+ Kd6 46. Rf6+ Ke5 47.
Rxg6 a4 48. Rg5+ Kf4 49. Rxh5 a3 50. Rh8 Rb1 51. h4 Rd1+ 52. Ke2 Rg1 53. h5 b5 0-1

[Event "*** Titled Tuesday Blitz"]
[Site "Chess.com"]
[Date "2021.03.09"]
[Round "9"]
[White "HrvojeZagreb"]
[Black "Bastiandash"]
[Result "0-1"]
[WhiteElo "2264"]
[BlackElo "2460"]
[TimeControl "180+1"]
[EndTime "11:48:50 PST"]
[Termination "Bastiandash won by resignation"]

1. d4 Nf6 2. Bf4 e6 3. e3 d5 4. Nf3 Bd6 5. Bg3 c5 6. c3 Qc7 7.
Ne5 Nbd7 8. f4 Ne4 9. Bh4 O-O 10. Nd2 f5 11. Nxd7 Qxd7 12. Nxe4 fxe4 13. a3 Qe8 14.
Be2 Bd7 15. O-O Ba4 16. Qe1 Bb5 17. b4 Bxe2 18. Qxe2 c4 19. a4 a5 20. b5 Be7 21.
Qg4 Bxh4 22. Qxh4 Qf7 23. g4 Qg6 24. Kf2 Qf6 25. Qxf6 gxf6 26. f5 Kf7 27. Kg3 Rg8 28.
Kf4 Rae8 29. fxe6+ Kxe6 30. h3 Rg7 31. Kg3 Reg8 32.
Rf5 Rg6 33. b6 Rg5 34. Rxg5 Rxg5 35. Rb1 Rg8 36. Rb5 Ra8 37. Kf4 Ra6 38. h4 Ra8 39.
Rc5 Ra6 40. Rb5 Ra8 41. g5 Rf8 42. h5 fxg5+ 43. Kxg5 Rf3 44. Rxa5 Rxe3 45. Ra7 Rxc3 46. Kf4 Rf3+ 47. Kg4 Rf7 48. Ra8 e3 49. Re8+ Re7 50. Rxe7+ Kxe7 51. Kf3 Kd6 52. Kxe3 Kc6 53. Kd2 Kxb6 54.
Kc3 Ka5 55. Kb2 Kxa4 56. Kc3 b5 0-1

[Event "*** Titled Tuesday Blitz"]
[Site "Chess.com"]
[Date "2021.03.09"]
[Round "9"]
[White "Fore_Man"]
[Black "TeukkaSalama"]
[Result "1/2-1/2"]
[WhiteElo "2256"]
[BlackElo "2353"]
[TimeControl "180+1"]
[EndTime "11:48:51 PST"]
[Termination "Game drawn - insufficient material"]

1. d4 e6 2. c4 f5 3. Nc3 Nf6 4. Nf3 Bb4 5. Bf4 O-O 6. e3 b6 7.
Bd3 Bb7 8. O-O Bxc3 9. bxc3 d6 10. Qc2 Nbd7 11. Bg5 h6 12. Bxf6 Nxf6 13. Nd2 Qe7 14. e4 f4 15. e5 dxe5 16. dxe5 Nd7 17. Be4 Bxe4 18. Qxe4 Nc5 19. Qf3 Qg5 20. Rfe1 Rad8 21. Ne4 Nxe4 22. Qxe4 f3 23. g3 Rd2 24. Re3 Qh5 25.
h4 g5 26. Rae1 Rf4 27. Qa8+ Kg7 28. Re4 Qg6 29. Rxf4 gxf4 30. Qxf3 fxg3 31. fxg3 Rxa2 32. Rf1 Kh7 33. Kh1 Rd2 34. Qf7+ Qxf7 35. Rxf7+ Kg6 36. Rxc7 a5 37. Rc6 Kf5 38. Rxb6 Kxe5 39. Rb5+ Ke4 40. Rxa5 Kf3 41. Ra8 Kxg3 42. Rg8+ Kh3 43.
Kg1 Rc2 44. Rg6 h5 45. Rxe6 Rxc3 46. Re4 Rc2 47. Kf1 Kg3 48. Ke1 Kf3 49. Kd1 Ra2 50. Re5 Kg4 51. c5 Kxh4 52. c6 Ra8 53. Rc5 Rc8 54.
Ke2 Kg4 55. Kf2 Rc7 56. Kg2 h4 57. Rc4+ Kg5 58. Kh3 Kf5 59. Kxh4 Ke5 60. Kg5 Kd6 61. Kf5 Rxc6 62. Rxc6+ Kxc6 1/2-1/2

[Event "*** Titled Tuesday Blitz"]
[Site "Chess.com"]
[Date "2021.03.09"]
[Round "9"]
[White "LubovMarkelova"]
[Black "annacramling"]
[Result "1/2-1/2"]
[WhiteElo "2219"]
[BlackElo "2044"]
[TimeControl "180+1"]
[EndTime "11:48:52 PST"]
[Termination "Game drawn by stalemate"]

1. Nf3 c5 2. c4 Nc6 3. Nc3 e5 4. d3 d6 5. g3 g6 6. Bg2 Bg7 7. O-O Nge7 8. a3 a5 9. Ne1 Be6 10. Nd5 O-O 11. Nc2 f5 12. Bg5 h6 13. Bxe7 Nxe7 14.
Nxe7+ Qxe7 15. Ne3 Rab8 16. Nd5 Qd7 17. b4 axb4 18. axb4 b5 19. bxc5 dxc5 20. Ra6 Kh7 21. Qc2 b4 22. Rfa1 e4 23. R1a5 Bxd5 24. cxd5 b3 25. Qb1 Qxd5 26. dxe4 Qc4 27. exf5 b2 28. Be4 Qxe4 29. fxg6+ Kh8 30. Qxe4 b1=Q+ 31. Qxb1 Rxb1+ 32. Kg2 c4 33. Ra7 Rb6 34. Rc7 c3 35. Raa7 Rxg6 36. f4 Re8 37. Kf3 Bd4 38. e4 Bxa7 39. Rxc3 Rd6 40.
e5 Rd1 41. Rc6 Rd3+ 42. Kg4 Re7 43. Rxh6+ Kg7 44. Rc6 Bg1 45. f5 Rxe5 46. Kg5 Be3+ 47. Kg4 Rd4+ 48. Kf3 Bg1 49. g4 Re3+ 50. Kg2 Re1 51.
Rc7+ Kf6 52. g5+ Kxf5 53. Rf7+ Kg6 54. Rf6+ Kxg5 55. Rf1 Rg4+ 56. Kh1 Rxf1 57. h4+ Kxh4 1/2-1/2

[Event "*** Titled Tuesday Blitz"]
[Site "Chess.com"]
[Date "2021.03.09"]
[Round "9"]
[White "mapleaff"]
[Black "grandcoach"]
[Result "1-0"]
[WhiteElo "2403"]
[BlackElo "2250"]
[TimeControl "180+1"]
[EndTime "11:48:53 PST"]
[Termination "mapleaff won on time"]

1. e4 c5 2. Nf3 Nc6 3. Bb5 e6 4. O-O Nge7 5. d4 cxd4 6. Nxd4 a6 7. Nxc6 bxc6 8. Bd3 d5 9. Nd2 g6 10. Qe2 Bg7 11. c3 O-O 12. Rd1 Qc7 13. Nf3 a5 14. e5 c5 15. Bg5 c4 16. Bc2 Rb8 17. Rab1 Nc6 18. Re1 f6 19. exf6 Bxf6 20. Bxf6 Rxf6 21. Ba4 Bd7 22. Bxc6 Bxc6 23. Nd4 Bd7 24. g3 Rbf8 25. f4 h6 26. Qe5 Qxe5 27. Rxe5 Kg7 28. Rbe1 Rb8 29. R1e2 Rb6 30. h4 a4 31. a3 Kh7 32.
Kf2 Kg7 33. Ke1 Kf7 34. Kd2 Rd6 35. Kc1 Rb6 36. Nc2 Bc8 37. Nb4 Bd7 38. Nxd5 exd5 39. Re7+ Kg8 40. Rxd7 Rbe6 41. Rxe6 Rxe6 42. Rxd5 Re3 43.
Rd4 Rxg3 44. Rxc4 Rg1+ 45. Kc2 Rg2+ 46. Kb1 Rg1+ 47. Ka2 Rg4 48. Rxa4 Rxh4 49. Rd4 g5 50. fxg5 hxg5 51. Rd5 g4 52. a4 Kf7 53. a5 Ke6 54.
Rg5 Kf6 55. Rd5 Rh7 56. b4 g3 57. Rd1 g2 58. Rg1 Rg7 59. Kb3 Ke5 60. b5 Kd5 61. Kb4 Rg4+ 62. Kb3 Kc5 63. c4 1-0

[Event "*** Titled Tuesday Blitz"]
[Site "Chess.com"]
[Date "2021.03.09"]
[Round "9"]
[White "DenLaz"]
[Black "Zhigalko_Sergei"]
[Result "0-1"]
[WhiteElo "2836"]
[BlackElo "2948"]
[TimeControl "180+1"]
[EndTime "11:48:54 PST"]
[Termination "Zhigalko_Sergei won by resignation"]

1. d4 Nf6 2. c4 e6 3. Nf3 b6 4. g3 Ba6 5. b3 Bb4+ 6. Bd2 Be7 7. Bg2 d5 8. cxd5 exd5 9. Nc3 O-O 10. O-O Re8 11.
Ne5 Bb7 12. Rc1 Nbd7 13. Nb5 c5 14. Nc4 Nf8 15. Bf4 Ne6 16. Nbd6 Nxf4 17. Nxb7 Qd7 18. gxf4 Qxb7 19. Ne5 Rad8 20. e3 Ne4 21. Qd3 Bf8 22.
Rfd1 g6 23. dxc5 Nxc5 24. Qb5 Re6 25. b4 a6 26. Qe2 Na4 27. Rd4 b5 28. Rcd1 Nc3 29.
Qd3 Nxd1 30. Qxd1 Red6 31. Nd3 Qc7 32. Nc5 Rc6 33. Bxd5 Bxc5 34. bxc5 Rxc5 35. Bxf7+ Kg7 36. Rxd8 Rc1 37. Bb3 Rxd1+ 38. Rxd1 a5 39. Rd4 a4 40. Bd5 Qc5 41. Kg2 b4 42. Be6 Qb5 43. Bd5 b3 44.
axb3 axb3 45. Bxb3 Qxb3 46. Rd7+ Kh6 47. Rd4 Qb7+ 48.
Kg3 Qh1 49. Rd2 Kh5 50. Rb2 Qg1+ 51. Kf3 Qg4+ 52. Ke4 Qg2+ 53. Kd4 Qxh2 54. e4 Qxf4 55. Rb5+ Kh6 0-1

[Event "*** Titled Tuesday Blitz"]
[Site "Chess.com"]
[Date "2021.03.09"]
[Round "9"]
[White "WPWPWP-2015"]
[Black "Sjakkerntobi"]
[Result "1-0"]
[WhiteElo "2513"]
[BlackElo "2380"]
[TimeControl "180+1"]
[EndTime "11:48:54 PST"]
[Termination "WPWPWP-2015 won by resignation"]

1. Nc3 d5 2. e4 e6 3. d4 Bb4 4. e5 Ne7 5. a3 Bxc3+ 6. bxc3 c5 7. Qg4 cxd4 8. cxd4 Qc7 9. Bd2 Qxc2 10.
Rc1 Qe4+ 11. Qxe4 dxe4 12. Ne2 Nbc6 13. g3 Nf5 14. Be3 O-O 15. Bg2 Rd8 16. Rd1 Nxe3 17. fxe3 Na5 18. Bxe4 Bd7 19. Rc1 Rdc8 20. Kf2 Bc6 21. Nc3 Nc4 22. a4 Nd2 23. Bxc6 Rxc6 24. Nb5 Rac8 25. Rxc6 Rxc6 26. Ke2 Nc4 27. Rc1 Na5 28.
Rxc6 Nxc6 29. Nd6 b6 30. Kd3 Kf8 31. Kc4 a6 32. Nc8 Na5+ 33. Kb4 Nc6+ 34. Kc4 Na5+ 35. Kc3 b5 36. axb5 axb5 37. Nd6 Ke7 38. Kb4 Nc6+ 39. Kxb5 Nd8 40. Kb6 f6 41. Nb7 Nf7 42. exf6+ gxf6 43. Kc5 Nh6 44. e4 Ng4 45. Kc6 f5 46. d5 Ne5+ 47. Kc7 Nc4 48. d6+ Nxd6 49. Nxd6 fxe4 50. Nxe4 e5 51.
Kc6 Ke6 52. g4 h6 53. h3 Ke7 54. Kd5 Kf7 55. Kxe5 Kg6 56. Ke6 Kh7 57. Ke5 Kg7 58. Kf5 Kh7 59. Kf6 Kh8 60. Kg6 h5 61. Kxh5 Kg8 62.
Kg6 Kh8 63. h4 Kg8 64. h5 Kh8 65. h6 Kg8 66. Ng5 Kh8 67. Nf7+ Kg8 68. h7+ Kf8 69. h8=Q+ Ke7 70. Qe5+ Kd7 71. Qd6+ Kc8 72. Qc6+ Kb8 73. Nd6 Ka7 74. Nb5+ 1-0

[Event "*** Titled Tuesday Blitz"]
[Site "Chess.com"]
[Date "2021.03.09"]
[Round "9"]
[White "Deepweb2020"]
[Black "Ladislav1969"]
[Result "1-0"]
[WhiteElo "2474"]
[BlackElo "2334"]
[TimeControl "180+1"]
[EndTime "11:48:55 PST"]
[Termination "Deepweb2020 won on time"]

1. d4 Nf6 2. c4 g6 3. Nf3 Bg7 4. g3 d5 5. cxd5 Nxd5 6. Nc3 Nb6 7. Bg2 Nc6 8. e3 O-O 9. O-O Re8 10. Nh4 e5 11. d5 Na5 12. Rb1 Bd7 13. Qc2 c6 14.
Rd1 cxd5 15. Nxd5 Rc8 16. Qe2 Nxd5 17. Bxd5 Qc7 18. b4 Nc6 19. Nf3 Bg4 20. h3 Bxh3 21.
Ng5 Be6 22. Bxe6 fxe6 23. b5 Na5 24. Ba3 Nc4 25. Bb4 e4 26. Nxe4 Qe5 27. Rd4 Qxb5 28.
Nc3 Qa6 29. Rdd1 Na3 30. Qxa6 bxa6 31. Bxa3 Rxc3 32. Bb2 Rc2 33. Bxg7 Kxg7 34. Rb7+ Kf6 35. Rxa7 Rxa2 36. Rxh7 Kg5 37. Kg2 Rf8 38. Rf1 a5 39.
Re7 Rf6 40. Ra7 a4 41. Ra5+ Kh6 42. g4 Kg7 43. Kg3 a3 44. f4 Rf7 45. Rb1 Rd7 46. Rb3 Rdd2 47. Raxa3 Rg2+ 48. Kf3 Raf2+ 49. Ke4 Rxg4 50.
Rb7+ 1-0

[Event "*** Titled Tuesday Blitz"]
[Site "Chess.com"]
[Date "2021.03.09"]
[Round "9"]
[White "Mazanchenko_Dmitry"]
[Black "AniJak"]
[Result "1-0"]
[WhiteElo "2172"]
[BlackElo "2305"]
[TimeControl "180+1"]
[EndTime "11:48:55 PST"]
[Termination "Mazanchenko_Dmitry won on time"]

1. e4 c5 2. Ne2 e6 3. Nbc3 a6 4. a4 d5 5. exd5 exd5 6. d4 c4 7. g3 h6 8. Bg2 Nf6 9. Nf4 Bb4 10.
O-O Bxc3 11. bxc3 O-O 12. Re1 Nc6 13. Ba3 Re8 14. Rxe8+ Nxe8 15. Nxd5 Bf5 16. Rb1 Rb8 17. Nb6 Nf6 18. Nxc4 Ne4 19. Qe1 Ng5 20. Nd6 Bxc2 21. Rxb7 Rxb7 22. Nxb7 Qc7 23. Qe8+ Kh7 24. Qxc6 Nh3+ 25.
Kf1 Bd3+ 26. Ke1 Qb8 27. Bxh3 f5 28. Bf1 Be4 29. d5 Qg8 30. c4 Qf7 31. Nd6 Qe7 32. Qb7 Qe5 33. Nxe4 Qxe4+ 34. Be2 Qd4 35. Qb2 Qe4 36. Qd2 Qh1+ 37. Bf1 Qe4+ 38. Kd1 Qb1+ 39. Bc1 Qb3+ 40. Qc2 Qf3+ 41. Be2 Qxf2 42. Bd2 Qg1+ 43. Be1 Qd4+ 44. Qd3 Qa1+ 45. Kd2 Qb2+ 46. Qc2 Qd4+ 47. Bd3 g6 48. h3 Qg1 49. g4 Qg2+ 50. Kc1 Qg1 51.
Qd2 fxg4 52. hxg4 Qxg4 53. d6 Qd4 54. Bxg6+ Kxg6 55. Qxd4 1-0

[Event "*** Titled Tuesday Blitz"]
[Site "Chess.com"]
[Date "2021.03.09"]
[Round "9"]
[White "Promacherr"]
[Black "Tooweak2slow03"]
[Result "0-1"]
[WhiteElo "2635"]
[BlackElo "2784"]
[TimeControl "180+1"]
[EndTime "11:48:56 PST"]
[Termination "Tooweak2slow03 won by resignation"]

1. e4 c5 2. Nf3 Nf6 3. Nc3 d5 4. exd5 Nxd5 5. Bb5+ Bd7 6. Qe2 Nxc3 7. dxc3 Qb6 8. Bc4 Nc6 9. O-O e6 10. Rd1 Be7 11. Bg5 h6 12. Bxe7 Kxe7 13. Qd2 Rhd8 14.
Qd6+ Ke8 15. Qf4 Kf8 16. Rd6 Qxb2 17. Rad1 Be8 18. Bxe6 Rxd6 19. Qxd6+ Kg8 20. Bd5 Qxc2 21. Re1 Rc8 22. Qxc5 Qg6 23. Qe3 Bd7 24. h3 Qf6 25. Bb3 b6 26. Qd2 Bf5 27. Qd5 Rd8 28. Qc4 Bxh3 29.
Re3 Bf5 30. Qf4 Bg6 31. Qxf6 gxf6 32. Kh2 Kg7 33. Kg3 Rd7 34. Kf4 Kf8 35. g4 Rd6 36.
Kg3 Ne7 37. Nd4 f5 38. gxf5 Nxf5+ 39. Nxf5 Bxf5 40. Kf4 Be6 41. Ke5 Ke7 42. Rg3 h5 43. c4 Rd2 44. f4 h4 45. Rg1 h3 46. Rh1 Bg4 47. f5 h2 48. f6+ Kd7 49. Kf4 Be6 50. Kg3 Kd6 51. Rxh2 Rxh2 52. Kxh2 Kc5 53. Kg3 Bxc4 54.
Kf4 Bxb3 55. axb3 Kd4 56. Kf5 Kd5 57. Kg5 a5 58. Kh6 b5 59. Kh7 Ke6 60. Kg7 a4 61.
bxa4 bxa4 0-1

[Event "*** Titled Tuesday Blitz"]
[Site "Chess.com"]
[Date "2021.03.09"]
[Round "9"]
[White "Chesspirate_Channel"]
[Black "maxip32"]
[Result "0-1"]
[WhiteElo "2395"]
[BlackElo "2527"]
[TimeControl "180+1"]
[EndTime "11:48:58 PST"]
[Termination "maxip32 won by checkmate"]

1. d4 Nf6 2. Nc3 d5 3. Bg5 Nbd7 4.
Qd2 c6 5. f3 b5 6. e4 b4 7.
Nce2 dxe4 8. Ng3 exf3 9. Nxf3 e6 10. Bd3 Be7 11. h4 h6 12. Bf4 Nd5 13. Be5 Nxe5 14. dxe5 Qb6 15. O-O-O Bc5 16. Kb1 Nc3+ 17. Ka1 Be3 18.
Qe1 Nxd1 19. Qxd1 a5 20. Ne4 Bc5 21. Rf1 a4 22. Nd6+ Bxd6 23. exd6 Qc5 24. Qe2 a3 25. Ne5 axb2+ 26. Kb1 O-O 27. Nxf7 Rxf7 28. Rxf7 Kxf7 29. Qf3+ Kg8 30. Bg6 Ra7 31. Qf4 Qd5 32.
Kxb2 e5 33. Qf2 Qd4+ 34. Qxd4 exd4 35. Kb3 Be6+ 36. Kxb4 Rxa2 37. Kc5 Bd7 38. Kxd4 Kf8 39. h5 Ra4+ 40. Kc5 Rg4 41. Kb6 Rxg2 42. Kc7 Bg4 43.
c4 Rd2 44. c5 Be6 45. Kxc6 Bf7 46. Kc7 Bxg6 47. hxg6 Ke8 48. c6 h5 49. d7+ Ke7 50. Kc8 h4 51. Kb8 Rxd7 52. cxd7 Kxd7 53. Kb7 h3 54.
Kb6 h2 55. Kc5 h1=Q 56. Kd4 Qh6 57. Ke4 Qxg6+ 58. Kf3 Qf5+ 59. Ke3 g5 60. Kd4 g4 61.
Ke3 g3 62. Kd4 g2 63. Ke3 g1=Q+ 64. Ke2 Qe4+ 65. Kd2 Qge1# 0-1